 Dungeon Crawl Stone Soup version 0.32-a0-540-g866d13106e (webtiles) character file.

Game seed: 11921566217730236279

47 adelrune the Vexing (level 3, 0/26 HPs)
             Began as a Coglin Hexslinger on Feb 28, 2024.
             Killed by nerve-wracking pain
             ... invoked by an orc priest
              (5 damage)
             ... on level 3 of the Dungeon.
             The game lasted 00:06:08 (1591 turns).

adelrune the Vexing (Coglin Hexslinger)             Turns: 1591, Time: 00:06:08

Health: 0/26       AC:  3    Str:  8    XL:     3   Next: 70%
Magic:  4/4        EV: 12    Int: 12    God:
Gold:   65         SH:  0    Dex: 18    Spells: 2/4 levels left

rFire   . . .        a - +1 sling {Svenja}
rCold   . . .        (no shield)
rNeg    . . .        j - +0 leather armour
rPois   .            (no helmet)
rElec   .            (no cloak)
rCorr   .            (no gloves)
SInv    .            (no boots)
Will    .....        (no amulet)
Stlth   +            (ring unavailable)
HPRegen 0.24/turn    (ring unavailable)
MPRegen 0.09/turn

%: no passive effects
@: weak-willed, revved
A: off-hand wielding, slow wielding, warmup strikes, no rings
a: Convert to Beogh


You were on level 3 of the Dungeon.
You visited 1 branch of the dungeon, and saw 3 of its levels.

You collected 65 gold pieces.

Inventory:

Hand Weapons
 a - a +1 sling (weapon) {Svenja}
Missiles
 h - 3 curare-tipped darts
Armour
 c - a +0 robe
 j - a +0 leather armour (worn)
Scrolls
 b - a scroll of poison
 d - 2 scrolls of blinking {unknown}
 e - a scroll of immolation {unknown}
 f - 2 scrolls of identify {unknown}
 k - a scroll of acquirement {unknown}
Potions
 g - a potion of invisibility {unknown}
 i - a potion of haste {unknown}
 l - a potion of curing {unknown}


   Skills:
 + Level 1.6 Fighting
 * Level 2.6 Ranged Weapons
 + Level 2.2 Dodging
 - Level 1.0 Spellcasting
 + Level 3.0 Hexes
 - Level 0.8 Fire Magic


You had 2 spell levels left.
You knew the following spells:

 Your Spells              Type           Power      Damage    Failure   Level
a - Jinxbite              Hex            14%        N/A       19%         2

Your spell library contained the following spells:

 Spells                   Type           Power      Damage    Failure   Level
 Shock                    Conj/Air       0%         1d3       41%         1
 Sigil of Binding         Hex            7%         N/A       36%         3
 Inner Flame              Hex/Fire       5%         N/A       52%         3
 Cause Fear               Hex            3%         N/A       77%         4
 Swiftness                Air            0%         N/A       78%         3
 Dimensional Bullseye     Hex/Tloc       2%         N/A       93%         4
 Airstrike                Air            0%         2d(0-16)  99%         4


Dungeon Overview and Level Annotations

Branches:
Dungeon (3/15)

Altars:

Annotations:
D:3 1 transporter


Innate Abilities, Weirdness & Mutations

You can wield a second weapon in your off-hand.
It takes a long time for you to wield or remove held weapons.
Your first few attacks do less damage.
Your grasper-arms cannot wear rings.


Message History

You shoot a sling bullet. The sling bullet hits the orc.
The orc is almost dead.
The orc hits you with a +0 flail. The orc misses you.
You shoot a sling bullet. The sling bullet hits the orc!
You kill the orc!
You shoot a sling bullet.
The sling bullet closely misses the orc priest.
The orc priest calls down the wrath of Beogh upon you.
Beogh smites you!
Ouch! That really hurt!
The orc priest casts a cantrip, but nothing happens.
The orc priest threatens, "Beogh's wrath is as vast as their mercy.
Make your choice!" (press Y on the ability menu to convert to Beogh)
You shoot a sling bullet.
The orc priest shouts, "The Pantheon deserves no one's loyalty.
Let us show you the true path!"
The sling bullet hits the orc priest but does no damage.
The orc priest threatens, "Beogh's wrath is as vast as their mercy.
Make your choice!"
The orc priest hits you with a +0 dagger.
You shoot a sling bullet. The sling bullet hits the orc priest.
The orc priest is heavily wounded.
The orc priest barely misses you.
You shoot a sling bullet.
The sling bullet hits the orc priest but does no damage.
The orc priest is heavily wounded.
The orc priest hits you but does no damage.
The orc priest misses you.
You shoot a sling bullet.
The sling bullet barely misses the orc priest.
The orc priest begins to cast a cantrip, but forgets the words!
You shoot a sling bullet.
The sling bullet hits the orc priest but does no damage.
The orc priest is heavily wounded.
The orc priest invokes the aid of Beogh against you.
Pain shoots through your body!
* * * LOW HITPOINT WARNING * * *
You shoot a sling bullet.
The sling bullet barely misses the orc priest.
The orc priest mumbles some strange prayers to Beogh against you.
Pain shoots through your body!
You die...

##########
##........ .#
#........
######.###
##........ ........
.......... ......#
#......... .....
#......... .).
#......... #o#
##.####### ####@#
#.#### #....#
#....# ##.####
####.######..######
#.................#
#.##..#..########.#
#.###>..## .#.#
#.### .#.# #.#


You could see an orc priest.

Vanquished Creatures
  An adder (D:2)
  3 orcs (D:3)
  3 endoplasms
  A giant cockroach (D:1)
  4 goblins
  3 hobgoblins
  3 jackals (D:1)
  A quokka (D:1)
  3 ball pythons
  3 bats
  2 frilled lizards
  3 kobolds
  4 rats
34 creatures vanquished.

Notes
Turn   | Place    | Note
-------+----------+-------------------------------------------
     0 | D:1      | adelrune the Coglin Hexslinger began the quest for the Orb.
     0 | D:1      | Reached XP level 1. HP: 15/15 MP: 2/2
    70 | D:1      | Reached XP level 2. HP: 21/21 MP: 3/3
   315 | D:1      | Learned a level 2 spell: Jinxbite
   781 | D:2      | Found a faded altar of an unknown god.
   845 | D:2      | Reached XP level 3. HP: 19/26 MP: 4/4
  1257 | D:2      | Reached skill level 3 in Hexes
  1478 | D:3      | Found a transporter.
  1591 | D:3      | Killed from afar by an orc priest

Illustrated notes

Levels and vault maps discovered:
D:1:      dreamdust_arrival_beginning_and_end, layout_rooms, eino_curves_01
D:2:      layout_basic, shapermc_ecumenical_altar_starsandcircs,
          grunt_decor_mini_mirrors
D:3:      gammafunk_steamed_eel, layout_basic

Skill      XL: |  1  2  3 |
---------------+----------+-----
Ranged Weapons | 2 |  2.6
Dodging        | 2 |  2.2
Hexes          | 3 |  3.0
Fighting       | |  1.6
Spellcasting   | |  1.0
Fire Magic     | |  0.8

Action                     || total
---------------------------++-------
  Melee: Unarmed           ||     9
   Fire: Sling             ||   106
   Cast: Jinxbite          ||     5
   Stab: Sleeping          ||     1
 Armour: Robe              ||    19
         Leather armour    ||    13
  Dodge: Dodged            ||    50

Table legend: (Time is in decaauts)
 A = Elapsed time spent in this place.
 B = Non-inter-level travel time spent in this place.
 C = Inter-level travel time spent in this place.
 D = Time resting spent in this place.
 E = Time spent auto-exploring this place.
 F = Levels seen in this place.
 G = Mean time per level.
                   A        B        C        D        E       F      G
               +--------+--------+--------+--------+--------+-----+--------+
         Total |   1622 |   1606 |     16 |     94 |   1240 |   3 |  540.7 |
       Dungeon |   1622 |   1606 |     16 |     94 |   1240 |   3 |  540.7 |
               +--------+--------+--------+--------+--------+-----+--------+

Top non-repeatable levels by time:
     D:2: 802 daAuts
     D:1: 565 daAuts
     D:3: 254 daAuts
